 Dungeon Crawl Stone Soup version 0.31-a0-702-gf82c85558f (webtiles) character file.

Game seed: 5378180156792127516

5196 qw the Skirmisher (level 10, -12/64 HPs)
             Began as a Gargoyle Hunter on Sept 7, 2023.
             Was a Follower of Okawaru.
             Killed by divine providence
             ... invoked by an orc priest
              (14 damage)
             ... on level 10 of the Dungeon.
             The game lasted 00:03:09 (7236 turns).

qw the Skirmisher (Gargoyle Hunter)                 Turns: 7236, Time: 00:03:09

Health: -12/64     AC: 15    Str: 15    XL:     10   Next: 60%
Magic:  12/13      EV: 17    Int: 10    God:    Okawaru [*.....]
Gold:   391        SH:  0    Dex: 17    Spells: 9/9 levels left

rFire   . . .        Y - +1 shortbow (flame)
rCold   + . .        (shield currently unavailable)
rNeg    + . .        b - +0 leather armour {rC+}
rPois   inf          h - +1 helmet
rElec   +            (no cloak)
rCorr   .            m - +1 Delatra's gloves {ID++}
SInv    .            (no boots)
Will    .....        (no amulet)
Stlth   +++          (no ring)
HPRegen 0.30/turn    (no ring)
MPRegen 0.13/turn

%: no passive effects
@: heroic, marked
A: sickness immunity, AC +7, negative energy resistance 1, electricity
resistance, torment resistance 1, petrification resistance
a: Renounce Religion, Heroism


You were on level 10 of the Dungeon.
You worshipped Okawaru.
Okawaru was aware of your devotion.
You visited 2 branches of the dungeon, and saw 11 of its levels.

You collected 391 gold pieces.


Innate Abilities, Weirdness & Mutations

You are immune to sickness and miasma.
Your stone body is resilient. (AC +7)
You are immune to poison.
You resist negative energy. (rN+)
You are resistant to electric shocks. (rElec)
You are resistant to unholy torment.
You are immune to petrification.


   Skills:
 - Level 8.0(13.0) Fighting
 + Level 12.5(17.5) Ranged Weapons
 - Level 2.1(7.1) Armour
 - Level 4.2(9.2) Dodging
 - Level 1.1(6.1) Stealth
 - Level 4.3 Invocations


You had 9 spell levels left.
You didn't know any spells.
Your spell library was empty.

Inventory:

Hand Weapons
 Y - a +1 shortbow of flaming (weapon)
Armour
 b - a +0 leather armour of cold resistance (worn)
 h - a +1 helmet (worn)
 j - +0 steam dragon scales
 m - the +1 Delatra's gloves (worn) {ID++}
   (You found it on level 3 of the Dungeon)

   ID++:      It heals its wearer when they drink unknown potions, and restores
   their MP when they read unknown scrolls.
Scrolls
 f - a scroll of identify
Potions
 d - a potion of might
 g - a potion of curing
 i - a potion of cancellation
 k - a potion of brilliance {unknown}
 l - a potion of enlightenment
 n - a potion of haste

Dungeon Overview and Level Annotations

Branches:
Dungeon (10/15)            Temple (1/1) D:5             Orc (0/2) D:9
   Lair: D:8-11

Altars:
Ashenzari
Cheibriados
Dithmenos
Elyvilon
Fedhas
Gozag
Hepliaklqana
Kikubaaqudgha
Nemelex Xobeh
Okawaru
Qazlal
Ru
Sif Muna
Trog
Uskayaw
Vehumet
Wu Jian
Xom
Yredelemnul
Zin
The Shining One

Shops:
D:10 (


Message History

Enter note:
Enter note:
Enter note:
Enter note:
Enter note:
Enter note:
7231 |||
Found retreat position at -6,-2 (floor) with 0 blocking monsters and 4 monsters attacking at destination at distance 6
Enter note:
7231 |||
Found retreat position at -6,-2 (floor) with 0 blocking monsters and 4 monsters attacking at destination at distance 6
7231 ||| RETREATING.
An orc priest and an orc come into view.
A warg comes into view.
Enter note:
7232 ||| Stepping ~*~*~tactically~*~*~ (outnumbered).
An orc priest comes into view. It is wielding a +0 club.
The gnoll closely misses you. The yak barely misses you.
Enter note:
7233 ||| Stepping ~*~*~tactically~*~*~ (outnumbered).
The gnoll completely misses you. The gnoll attacks as it pursues you!
The gnoll closely misses you.
The gnoll sergeant completely misses you.
Enter note:
7234 |||
Found retreat position at -5,-4 (floor) with 3 blocking monsters and 4 monsters attacking at destination at distance 5
Enter note: You shoot an arrow.
The arrow hits the yak but does no damage.
The yak gores you. The gnoll completely misses you.
The gnoll sergeant closely misses you. The gnoll hits you with a +0 whip.
7235 |||
Found retreat position at -5,-4 (floor) with 3 blocking monsters and 4 monsters attacking at destination at distance 5 You shoot an arrow.
The arrow hits the yak.
The arrow burns the yak.
The yak is moderately wounded.
The gnoll sergeant hits you from afar with a +2 spear of distortion.
The gnoll hits you but does no damage. The gnoll closely misses you.
The yak misses you.
7236 |||
Found retreat position at -5,-4 (floor) with 2 blocking monsters and 4 monsters attacking at destination at distance 5 You shoot an arrow.
The arrow hits the yak.
The arrow burns the yak.
The yak is moderately wounded.
The orc priest calls down the wrath of Beogh upon you.
Beogh smites you!
You die...

#. .o ##.###y#
......h. ..
###.#.... ....
......y.# .....
.....#oo####.....
..#...o.g@Y......
........ggY......
##......Ygg.....
.......<...o.....
##.........#.....
##..............
#......#.......
..#......##!.....
........# .....


You could see 3 yaks, a gnoll sergeant, a killer bee, 3 orc priests, an orc
wizard and 4 gnolls.

Vanquished Creatures
  A two-headed ogre (D:9)
  A komodo dragon (D:10)
  A troll (D:10)
  A wyvern (D:7)
  7 yaks
  A steam dragon (D:9)
  A water moccasin (D:7)
  2 orc warriors
  4 black bears
  A sky beast (D:4)
  An ice beast (D:6)
  2 ogres
  A centaur (D:9)
  Blork the orc (D:5)
  5 bullfrogs
  3 kobold brigands
  3 scorpions
  A gnoll sergeant (D:6)
  A howler monkey (D:8)
  An electric eel (D:8)
  3 hounds
  A gnoll bouda (D:5)
  2 jellies
  3 orc priests (D:8)
  A sleepcap (D:5)
  2 iguanas
  Terence (D:2)
  4 orc wizards
  Natasha (thrice) (D:2)
  Robin (D:2)
  7 gnolls
  8 adders
  A white imp (D:5)
  An ufetubus (D:6)
  3 worms
  A dart slug (D:5)
  15 orcs
  7 ball pythons
  4 bats
  7 endoplasms
  3 giant cockroaches
  14 goblins
  8 hobgoblins
  20 kobolds
  2 quokkas
  4 frilled lizards
  6 rats
171 creatures vanquished.

Notes
Turn   | Place    | Note
-------+----------+-------------------------------------------
     0 | D:1      | qw the Gargoyle Hunter began the quest for the Orb.
     0 | D:1      | Reached XP level 1. HP: 12/12 MP: 1/1
     0 | D:1      | 0 ||| qw: Version: 0.3-a-76-g4403597
     0 | D:1      | 0 ||| qw: Game counter: 802
     0 | D:1      | 0 ||| qw: Melee chars always use a shield: true
     0 | D:1      | 0 ||| qw: God list: Okawaru
     0 | D:1      | 0 ||| qw: Allow faded altars: false
     0 | D:1      | 0 ||| qw: Do Orc after clearing Dungeon:15 true
     0 | D:1      | 0 ||| qw: Do second Lair branch before Depths: true
     0 | D:1      | 0 ||| qw: Lair rune preference: random
     0 | D:1      | 0 ||| qw: Goals: Normal
     0 | D:1      | 0 ||| PLANNING D:1-11
   128 | D:1      | Reached XP level 2. HP: 15/17 MP: 2/2
   315 | D:1      | 315 ||| DROPPING scroll of butterflies.
   540 | D:1      | 540 ||| READING scroll labelled KIBOFOFIGH.
   568 | D:2      | Reached XP level 3. HP: 21/21 MP: 3/3
   607 | D:2      | Reached skill level 5 in Ranged Weapons
   711 | D:2      | Noticed Robin
   712 | D:2      | 712 ||| Stepping ~*~*~tactically~*~*~ (outnumbered).
   724 | D:2      | Reached skill level 3 in Fighting
   733 | D:2      | Killed Robin
   734 | D:2      | Reached XP level 4. HP: 26/28 MP: 4/4
   810 | D:2      | Noticed Natasha
   814 | D:2      | Killed Natasha
   869 | D:2      | Noticed Natasha
   879 | D:2      | Killed Natasha
   880 | D:2      | Reached XP level 5. HP: 21/32 MP: 5/5
   953 | D:2      | Noticed Terence
   964 | D:2      | Killed Terence
   965 | D:2      | Reached skill level 6 in Ranged Weapons
  1398 | D:2      | Noticed Natasha
  1409 | D:2      | Killed Natasha
  1410 | D:2      | 1410 ||| UPGRADING to +0 ring mail.
  1420 | D:2      | 1420 ||| DROPPING +0 leather armour.
  1421 | D:2      | 1421 ||| UPGRADING to +0 helmet.
  1426 | D:2      | 1426 ||| DROPPING scarf of harm.
  1427 | D:2      | 1427 ||| READING scroll labelled XAWOUF VATU.
  1428 | D:2      | 1428 ||| READING scroll labelled VABAGG IKALL.
  1429 | D:2      | 1429 ||| READING 2 scrolls labelled WADAOTI INAVI.
  1430 | D:2      | 1430 ||| READING 2 scrolls labelled JOATIT VIAPU.
  1431 | D:2      | 1431 ||| DROPPING scroll of poison.
  1642 | D:3      | Reached skill level 1 in Armour
  1835 | D:3      | Found an opulent altar of Gozag.
  1922 | D:3      | Reached XP level 6. HP: 13/38 MP: 6/6
  2016 | D:3      | Found the +1 Delatra's gloves {ID++}
  2104 | D:3      | Found a faded altar of an unknown god.
  2122 | D:3      | 2122 ||| Stepping ~*~*~tactically~*~*~ (water).
  2373 | D:3      | 2373 ||| UPGRADING to +1 Delatra's gloves {ID++}.
  2378 | D:3      | 2378 ||| READING scroll labelled CICKEV OSOBEO.
  2379 | D:3      | 2379 ||| READING scroll labelled PUSTRUSSU YMPU.
  2380 | D:3      | 2380 ||| READING 2 scrolls labelled FYC FIUSOPTOICK.
  2381 | D:3      | 2381 ||| READING scroll labelled YRIPSY MAECH.
  2382 | D:3      | 2382 ||| READING 4 scrolls of identify.
  2382 | D:3      | 2382 ||| IDENTIFYING blue potion
  2383 | D:3      | 2383 ||| READING 3 scrolls of identify.
  2383 | D:3      | 2383 ||| IDENTIFYING red potion
  2384 | D:3      | 2384 ||| READING 2 scrolls of identify.
  2384 | D:3      | 2384 ||| IDENTIFYING puce potion
  2385 | D:3      | 2385 ||| DROPPING potion of degeneration.
  2386 | D:3      | 2386 ||| DROPPING potion of magic.
  2387 | D:3      | 2387 ||| DROPPING scroll of amnesia.
  2526 | D:4      | Noticed a sky beast
  2542 | D:4      | Killed a sky beast
  2589 | D:4      | Reached skill level 7 in Ranged Weapons
  2589 | D:4      | Reached XP level 7. HP: 43/43 MP: 7/7
  2692 | D:4      | Found a hazy altar of Hepliaklqana.
  2993 | D:4      | 2993 ||| READING 2 scrolls of identify.
  2993 | D:4      | 2993 ||| IDENTIFYING yellow potion
  2994 | D:4      | 2994 ||| DROPPING potion of invisibility.
  3008 | D:5      | Entered Level 5 of the Dungeon
  3123 | D:5      | Noticed Blork the orc
  3137 | D:5      | Killed Blork the orc
  3293 | D:5      | Reached skill level 8 in Ranged Weapons
  3346 | D:5      | 3346 ||| Stepping ~*~*~tactically~*~*~ (outnumbered).
  3348 | D:5      | 3348 ||| Stepping ~*~*~tactically~*~*~ (outnumbered).
  3479 | D:5      | Found a shimmering blue altar of Sif Muna.
  3626 | D:5      | Found a sacrificial altar of Ru.
  3766 | D:5      | Found a staircase to the Ecumenical Temple.
  3767 | D:5      | 3767 ||| PLANNING TEMPLE
  3767 | D:5      | 3767 ||| UPGRADING to +0 leather armour of cold resistance.
  3777 | D:5      | 3777 ||| DRINKING 2 clear potions.
  3784 | Temple   | Entered the Ecumenical Temple
  3785 | Temple   | 3785 ||| PLANNING OKAWARU WORSHIP
  3793 | Temple   | Became a worshipper of Warmaster Okawaru
  3794 | Temple   | 3794 ||| PLANNING D:1-11
  3856 | D:6      | 3856 ||| STAIRDANCE
  3858 | D:5      | 3858 ||| Stepping ~*~*~tactically~*~*~ (retreating).
  3859 | D:5      | 3859 ||| Stepping ~*~*~tactically~*~*~ (retreating).
  3860 | D:5      | 3860 ||| Stepping ~*~*~tactically~*~*~ (retreating).
  3863 | D:5      | 3863 ||| Stepping ~*~*~tactically~*~*~ (retreating).
  3868 | D:5      | Reached XP level 8. HP: 23/49 MP: 8/8
  3984 | D:6      | Reached skill level 9 in Ranged Weapons
  4046 | D:6      | Reached * piety under Okawaru
  4059 | D:6      | Reached skill level 6 in Fighting
  4059 | D:6      | Reached skill level 1 in Invocations
  4091 | D:6      | 4091 ||| DRINKING 2 black potions.
  4095 | D:6      | 4095 ||| STAIRDANCE
  4172 | D:6      | 4172 ||| INVOKING Heroism.
  4278 | D:6      | 4278 ||| INVOKING Heroism.
  4432 | D:6      | 4432 ||| READING scroll of enchant armour.
  4432 | D:6      | 4432 ||| ENCHANTING +0 helmet.
  4648 | D:6      | 4648 ||| DRINKING 3 grey potions.
  4696 | D:7      | Noticed a wyvern
  4696 | D:7      | Noticed a yak
  4697 | D:7      | Noticed a yak
  4701 | D:7      | Killed a wyvern
  4701 | D:7      | Noticed a yak
  4702 | D:7      | Reached XP level 9. HP: 55/55 MP: 11/11
  4706 | D:7      | 4706 ||| Stepping ~*~*~tactically~*~*~ (retreating).
  4707 | D:7      | 4707 ||| Stepping ~*~*~tactically~*~*~ (retreating).
  4710 | D:7      | 4710 ||| INVOKING Heroism.
  4713 | D:7      | Reached skill level 10 in Ranged Weapons
  4713 | D:7      | Reached skill level 3 in Invocations
  4726 | D:7      | HP: 13/55 [yak (2)]
  4727 | D:7      | 4727 ||| READING scroll of teleportation.
  4728 | D:7      | 4728 ||| DRINKING 2 potions of heal wounds.
  4883 | D:7      | 4883 ||| RETREATING.
  4894 | D:7      | 4894 ||| Stepping ~*~*~tactically~*~*~ (retreating).
  4896 | D:7      | Reached skill level 3 in Dodging
  4897 | D:7      | 4897 ||| INVOKING Heroism.
  5051 | D:7      | 5051 ||| INVOKING Heroism.
  5076 | D:7      | 5076 ||| Stepping ~*~*~tactically~*~*~ (outnumbered).
  5077 | D:7      | 5077 ||| Stepping ~*~*~tactically~*~*~ (outnumbered).
  5079 | D:7      | 5079 ||| INVOKING Heroism.
  5171 | D:7      | Reached ** piety under Okawaru
  5235 | D:7      | 5235 ||| INVOKING Heroism.
  5292 | D:7      | Reached skill level 11 in Ranged Weapons
  5316 | D:7      | Found a bloodstained altar of Trog.
  5355 | D:7      | Found a white marble altar of Elyvilon.
  5646 | D:7      | 5646 ||| DROPPING ring of wizardry.
  5647 | D:7      | 5647 ||| DRINKING 3 lumpy dark potions.
  5648 | D:7      | 5648 ||| DROPPING 2 potions of attraction.
  5692 | D:8      | 5692 ||| Stepping ~*~*~tactically~*~*~ (outnumbered).
  5693 | D:8      | 5693 ||| Stepping ~*~*~tactically~*~*~ (outnumbered).
  5711 | D:8      | Reached XP level 10. HP: 64/64 MP: 13/13
  5738 | D:8      | Found a broken altar of Ashenzari.
  5881 | D:8      | 5881 ||| INVOKING Heroism.
  6054 | D:8      | 6054 ||| INVOKING Heroism.
  6344 | D:8      | 6344 ||| DROPPING +0 leather armour of cold resistance.
  6345 | D:8      | 6345 ||| READING 2 scrolls of identify.
  6345 | D:8      | 6345 ||| IDENTIFYING silvery potion
  6395 | D:9      | 6395 ||| INVOKING Heroism.
  6421 | D:9      | 6421 ||| Stepping ~*~*~tactically~*~*~ (cloud).
  6422 | D:9      | 6422 ||| Stepping ~*~*~tactically~*~*~ (cloud).
  6423 | D:9      | 6423 ||| INVOKING Heroism.
  6571 | D:9      | Found a staircase to the Orcish Mines.
  6644 | D:9      | Noticed a two-headed ogre
  6645 | D:9      | 6645 ||| INVOKING Heroism.
  6658 | D:9      | Killed a two-headed ogre
  6659 | D:9      | Reached skill level 12 in Ranged Weapons
  7035 | D:9      | 7035 ||| DROPPING +0 ring mail.
  7036 | D:9      | 7036 ||| READING scroll labelled QOONYGYSIQ.
  7137 | D:9      | 7137 ||| DRINKING 2 emerald potions.
  7162 | D:10     | Entered Level 10 of the Dungeon
  7163 | D:10     | 7163 ||| Stepping ~*~*~tactically~*~*~ (outnumbered).
  7164 | D:10     | 7164 ||| INVOKING Heroism.
  7167 | D:10     | Noticed a two-headed ogre
  7176 | D:10     | HP: 15/64 [killer bee (4)]
  7177 | D:10     | 7177 ||| READING 3 scrolls of teleportation.
  7178 | D:10     | 7178 ||| DRINKING potion of heal wounds.
  7184 | D:10     | 7184 ||| RETREATING.
  7198 | D:10     | 7198 ||| INVOKING Heroism.
  7205 | D:10     | 7205 ||| Stepping ~*~*~tactically~*~*~ (retreating).
  7206 | D:10     | 7206 ||| Stepping ~*~*~tactically~*~*~ (retreating).
  7207 | D:10     | 7207 ||| Stepping ~*~*~tactically~*~*~ (retreating).
  7207 | D:10     | HP: 13/64 [gnoll sergeant/+2 spear of distortion (5)]
  7208 | D:10     | 7208 ||| READING 2 scrolls of teleportation.
  7208 | D:10     | HP: 6/64 [yak (3)]
  7209 | D:10     | 7209 ||| Stepping ~*~*~tactically~*~*~ (retreating).
  7209 | D:10     | HP: 2/64 [gnoll sergeant/+2 spear of distortion (3)]
  7210 | D:10     | 7210 ||| Stepping ~*~*~tactically~*~*~ (retreating).
  7212 | D:10     | 7212 ||| Stepping ~*~*~tactically~*~*~ (outnumbered).
  7226 | D:10     | 7226 ||| READING scroll of teleportation.
  7227 | D:10     | 7227 ||| INVOKING Heroism.
  7230 | D:10     | HP: 6/64 [orc priest/nerve-wracking pain (2)]
  7231 | D:10     | 7231 ||| RETREATING.
  7231 | D:10     | Found Lena's Weapon Emporium.
  7232 | D:10     | 7232 ||| Stepping ~*~*~tactically~*~*~ (outnumbered).
  7233 | D:10     | 7233 ||| Stepping ~*~*~tactically~*~*~ (outnumbered).
  7235 | D:10     | HP: 2/64 [gnoll sergeant/+2 spear of distortion (1)]
  7236 | D:10     | Killed from afar by an orc priest

Levels and vault maps discovered:
D:1:      heliophobic_arrival_dark_side_of_the_moon, layout_rooms, st_stairs_3,
          chequers_serial_rivers_micro_b, lexackson_kobold_supper
D:2:      layout_basic, minivault_23, minmay_pentomino_q4, uniq_terence,
          uniq_robin, uniq_natasha
D:3:      layout_loops_cross, nicolae_gozag_seed_capital,
          chequers_ecumenical_altar_island,
          nicolae_concentric_dashed_squares_mild, nrook_loot_triangle,
          pf_guarded_unrand_delatra
D:4:      layout_basic, lemuel_coloured_pillars_altar
D:5:      layout_loops_ring, nicolae_overflow_hidden_temple,
          nicolae_overflow_crystal_walls, minmay_temple_entry_nine_rooms,
          nicolae_nh_ransacked_shop, uniq_blork_the_orc
D:6:      layout_basic
D:7:      layout_gridville, nicolae_elyvilon_peaceful_grove,
          mainiacjoe_overflow_concentric_impassable
D:8:      layout_basic, mainiacjoe_overflow_paths, supply_closet_lemuel
D:9:      layout_long_grid, orc_0_dummy
D:10:     layout_rooms, lightli_temple_of_fire, erik_lair_orcish_takeover,
          enter_trove_6, special_room [special_room_orc], serial_shops, shop
Temple:   eino_temple_lava

Skill      XL: |  1  2  3  4  5  6  7  8  9 10 |
---------------+-------------------------------+-----
Ranged Weapons | 5 6 7 8 9 11 12 | 12.5
Fighting       | 3 4 5 6 7 8 |  8.0
Armour         | 1 2 |  2.1
Dodging        | 2 3 4 |  4.2
Invocations    | 2 4 |  4.3
Stealth        | |  1.1

Action                     |  1- 3 |  4- 6 |  7- 9 | 10-12 || total
---------------------------+-------+-------+-------+-------++-------
   Fire: Shortbow          |    99 |   175 |   313 |   128 ||   715
 Invoke: Heroism           |       |       |     7 |     8 ||    15
    Use: Scroll            |     1 |    11 |     3 |     5 ||    20
         Potion            |       |       |     5 |     2 ||     7
 Armour: Leather armour    |    20 |    14 |    76 |    49 ||   159
         Ring mail         |       |    69 |    40 |       ||   109
  Dodge: Dodged            |    18 |    58 |   123 |    63 ||   262

Table legend:
 A = Non-vault XP
 B = Vault XP
 C = Vault XP percentage of total XP
 D = Non-vault monster count
 E = Vault monster count
 F = Vault count percentage of total count
                 A         B        C        D         E       F
            +---------+---------+-------+---------+---------+-------
      Total |    7023 |     400 |   5.4 |     126 |      45 |  26.3
            +---------+---------+-------+---------+---------+-------
        D:1 |      14 |      16 |  53.3 |       7 |      11 |  61.1
        D:2 |     102 |     124 |  54.9 |      17 |      18 |  51.4
        D:3 |      61 |      51 |  45.5 |      13 |       6 |  31.6
        D:4 |     278 |       0 |   0.0 |      11 |       0 |   0.0
        D:5 |     559 |     206 |  26.9 |      19 |       9 |  32.1
        D:6 |     729 |       0 |   0.0 |      11 |       0 |   0.0
        D:7 |    2410 |       0 |   0.0 |      20 |       0 |   0.0
        D:8 |     567 |       0 |   0.0 |      16 |       0 |   0.0
        D:9 |    1391 |       0 |   0.0 |       8 |       0 |   0.0
       D:10 |     912 |       3 |   0.3 |       4 |       1 |  20.0
            +---------+---------+-------+---------+---------+-------
